 Dungeon Crawl Stone Soup version 0.31-a0-210-gccc998df9b (webtiles) character file.

Game seed: 13297361875565461815

204 qw the Chopper (level 5, 0/32 HPs)
             Began as a Gargoyle Fighter on June 30, 2023.
             Slain by an ogre
             ... wielding a +0 giant spiked club
              (26 damage)
             ... on level 6 of the Dungeon.
             The game lasted 00:01:13 (2355 turns).

qw the Chopper (Gargoyle Fighter)                   Turns: 2355, Time: 00:01:13

Health: 0/32       AC: 15    Str: 24    XL:     5   Next: 82%
Magic:  5/5        EV:  6    Int:  9    God:
Gold:   190        SH:  4    Dex:  7    Spells: 4/4 levels left

rFire   + + .        Y - +0 war axe
rCold   . . .        c - +0 buckler
rNeg    + . .        o - +0 plate armour
rPois   inf          (no helmet)
rElec   +            (no cloak)
rCorr   +            (no gloves)
SInv    .            (no boots)
Will    .....        a - amulet "Xuafim" {RegenMP +Inv rCorr Str+3 Dex-2} Stlth
                     e - ring of protection from fire
HPRegen 0.25/turn    b - ring of protection from fire
MPRegen 0.49/turn

%: no passive effects
@: weakened
A: sickness immunity, AC +4, negative energy resistance 1, electricity
resistance, torment resistance 1, petrification resistance
a: Evoke Invisibility


You were on level 6 of the Dungeon.
You visited 1 branch of the dungeon, and saw 5 of its levels.

You collected 190 gold pieces.


Innate Abilities, Weirdness & Mutations

You are immune to sickness and miasma.
Your stone body is resilient. (AC +4)
You are immune to poison.
You resist negative energy. (rN+)
You are resistant to electric shocks. (rElec)
You are resistant to unholy torment.
You are immune to petrification.


   Skills:
 + Level 3.6 Fighting
 - Level 5.2 Axes
 - Level 3.2 Armour
 - Level 3.2 Shields


You had 4 spell levels left.
You didn't know any spells.
Your spell library was empty.

Inventory:

Hand Weapons
 g - a +0 mace
 Y - a +0 war axe (weapon)
Armour
 c - a +0 buckler (worn)
 i - a +1 chain mail of fire resistance
 o - a +0 plate armour (worn)
Jewellery
 a - the amulet "Xuafim" (around neck) {RegenMP +Inv rCorr Str+3 Dex-2}
   (You acquired it on level 1 of the Dungeon)

   [amulet of magic regeneration]

   It increases your rate of magic regeneration.
   Str:       It affects your strength (+3).
   Dex:       It affects your dexterity (-2).
   +Inv:      It lets you turn invisible.
   rCorr:     It protects you from acid and corrosion.
 b - a ring of protection from fire (right hand)
 e - a ring of protection from fire (left hand)
Scrolls
 j - 2 scrolls of identify
 p - a scroll of teleportation {unknown}
 q - a scroll of fear {unknown}
Potions
 d - a potion of might
 f - a potion of berserk rage {unknown}
 h - a potion of mutation {unknown}
 k - a potion of attraction
 l - a potion of invisibility {unknown}
 m - a potion of lignification {unknown}
 n - a potion of haste {unknown}

Dungeon Overview and Level Annotations

Branches:
Dungeon (4/15)
 Temple: D:4-7

Altars:

Annotations:
D:4 3 runed translucent doors, qw's ghost, amateur GrHs


Message History

You see here a +0 trident.
Found a stone staircase leading up.
Enter note:
Enter note: You now have 190 gold pieces (gained 30).
j - 2 scrolls of identify (gained 1)
Found 2 stones.
A sourceless malevolence fills the Dungeon...
You fall into a shaft and drop 2 floors!
The shaft crumbles and collapses.
Waypoint 4 assigned to D:6.
An ogre and 2 gnolls come into view.
The ogre shouts!
The gnoll shouts! x2
The gnoll moves out of view.
A gnoll bouda comes into view. It is wielding a +0 whip.
2350 ||| Stepping ~*~*~tactically~*~*~ (stealth).
The gnoll bouda moves out of view.
A steam dragon comes into view.
The gnoll bouda shouts!
The steam dragon hisses angrily.
An adder comes into view.
You block the gnoll's attack.
The gnoll bouda gazes fiercely through you!
You feel your attacks grow feeble.
The adder hisses angrily.
The gnoll hits you but does no damage.
The gnoll bouda barks out a call to the hunt!
The gnoll picks up the pace!
The gnoll hits you with a +0 flail.
You hear a shout!
You hit the gnoll.
The gnoll is heavily wounded.
You hit the gnoll but do no damage. The gnoll hits you with a +0 halberd.
The gnoll hits you with a +0 flail.
You hit the gnoll.
The gnoll is heavily wounded.
You hit the ogre. You closely miss the gnoll.
A gnoll comes into view. It is wielding a +0 whip.
The ogre hits you with a +0 giant spiked club!!
Ouch! That really hurt!
You die...

### ..# #.# #######
#.# #.....# #.#
#.###.########
##.###.#...........
#........#.########
##.###.###.# #@#
#.###.#
#Ogg##.....#
DS###.####### #..
g# ... g .... #.
.... .. .... ..


You could see a steam dragon, an ogre, a gnoll bouda, 3 gnolls and an adder.

Vanquished Creatures
  A phantom (D:4)
  6 adders
  2 worms (D:3)
  3 dart slugs (D:3)
  An orc (D:4)
  3 bats
  7 endoplasms
  A giant cockroach (D:4)
  3 goblins
  5 hobgoblins
  5 jackals
  7 kobolds
  2 quokkas
  9 ball pythons
  3 frilled lizards
  3 rats (D:2)
61 creatures vanquished.

Notes
Turn   | Place    | Note
-------+----------+-------------------------------------------
     0 | D:1      | qw the Gargoyle Fighter began the quest for the Orb.
     0 | D:1      | Reached XP level 1. HP: 14/14 MP: 1/1
     0 | D:1      | 0 ||| qw: Version: 0.3-a-26-gee661ec
     0 | D:1      | 0 ||| qw: Game counter: 7282
     0 | D:1      | 0 ||| qw: Melee chars always use a shield: true
     0 | D:1      | 0 ||| qw: God list: Okawaru
     0 | D:1      | 0 ||| qw: Allow faded altars: false
     0 | D:1      | 0 ||| qw: Do Orc after clearing Dungeon:15 true
     0 | D:1      | 0 ||| qw: Do second Lair branch before Depths: true
     0 | D:1      | 0 ||| qw: Lair rune preference: random
     0 | D:1      | 0 ||| qw: Goals: Normal, Zot:1-4, Slime:5, God:TSO, Crypt,
                  | Tomb, Abyss, Pan, Hells, Win
     0 | D:1      | 0 ||| PLANNING D:1-11
    16 | D:1      | Reached skill level 2 in Axes
    68 | D:1      | Reached XP level 2. HP: 19/19 MP: 2/2
   194 | D:1      | 194 ||| DROPPING +0 club.
   418 | D:1      | 418 ||| UPGRADING to +0 chain mail.
   428 | D:1      | 428 ||| DROPPING +0 scale mail.
   429 | D:1      | 429 ||| READING scroll labelled MUDDUR XUFUYMN.
   429 | D:1      | Identified a scroll of acquirement
   429 | D:1      | 429 ||| ACQUIRING amulet "Xuafim" {RegenMP +Inv rCorr Str+3
                  | Dex-2}
   429 | D:1      | Acquired the amulet "Xuafim" {RegenMP +Inv rCorr Str+3
                  | Dex-2}
   431 | D:1      | 431 ||| UPGRADING to amulet "Xuafim" {RegenMP +Inv rCorr
                  | Str+3 Dex-2}.
   436 | D:1      | 436 ||| READING scroll labelled POHEACL IGHU.
   475 | D:2      | Reached skill level 3 in Axes
   475 | D:2      | Reached XP level 3. HP: 23/23 MP: 3/3
   800 | D:2      | Reached XP level 4. HP: 28/28 MP: 4/4
   869 | D:2      | 869 ||| Stepping ~*~*~tactically~*~*~ (stealth).
   883 | D:2      | Reached skill level 4 in Axes
   930 | D:2      | Found a faded altar of an unknown god.
  1122 | D:2      | 1122 ||| UPGRADING to +1 chain mail of fire resistance.
  1132 | D:2      | 1132 ||| DROPPING +0 chain mail.
  1133 | D:2      | 1133 ||| UPGRADING to ring of protection from fire.
  1134 | D:2      | 1134 ||| READING scroll labelled KUCAAM NIRCHATU.
  1135 | D:2      | 1135 ||| READING scroll labelled JIM QAUCLERACA.
  1920 | D:3      | 1920 ||| UPGRADING to +0 plate armour.
  1930 | D:3      | 1930 ||| UPGRADING to ring of protection from fire.
  1931 | D:3      | 1931 ||| READING scroll labelled DEROP WOWA DOA.
  1932 | D:3      | 1932 ||| READING scroll labelled RODYSEA ECSIA.
  1933 | D:3      | 1933 ||| DRINKING 2 viscous silvery potions.
  1976 | D:4      | Noticed a phantom
  1986 | D:4      | Killed a phantom
  1987 | D:4      | Reached skill level 5 in Axes
  1987 | D:4      | Reached XP level 5. HP: 31/32 MP: 5/5
  2059 | D:4      | 2059 ||| Stepping ~*~*~tactically~*~*~ (hiding).
  2094 | D:4      | 2094 ||| Stepping ~*~*~tactically~*~*~ (stealth).
  2096 | D:4      | 2096 ||| Stepping ~*~*~tactically~*~*~ (hiding).
  2149 | D:4      | Found a runed translucent gate.
  2149 | D:4      | Found a runed translucent gate.
  2149 | D:4      | Found a runed translucent gate.
  2149 | D:4      | Noticed qw's ghost (amateur GrHs)
  2151 | D:4      | Noticed a kobold brigand
  2208 | D:4      | 2208 ||| Stepping ~*~*~tactically~*~*~ (hiding).
  2330 | D:4      | You fall into a shaft and drop 2 floors!
  2349 | D:6      | Noticed an ogre
  2350 | D:6      | 2350 ||| Stepping ~*~*~tactically~*~*~ (stealth).
  2352 | D:6      | Noticed a steam dragon
  2355 | D:6      | Slain by an ogre

Levels and vault maps discovered:
D:1:      lemuel_arrival_hallway, layout_rooms
D:2:      layout_loops_ring, shapermc_ecumenical_altar_totnotflames,
          amcnicky_mini_rare_corridor_liquid, hangedman_decor_lopped
D:3:      layout_basic, chequers_serial_rivers_large_a
D:4:      layout_loops_ring, lemuel_temple_firewalk_b,
          gammafunk_ghost_nasty_kobolds, due_unseen_surprise
D:6:      layout_loops_cross, minmay_misc_feat_five, uniq_edmund, uniq_menkaure,
          uniq_sigmund

Skill      XL: |  1  2  3  4 |
---------------+-------------+-----
Axes           | 2 3 5 |  5.2
Fighting       | |  3.6
Armour         | |  3.2
Shields        | |  3.2

Action                     |  1- 3 |  4- 6 || total
---------------------------+-------+-------++-------
  Melee: War axe           |    79 |   103 ||   182
    Use: Scroll            |     2 |     4 ||     6
         Potion            |       |     1 ||     1
 Armour: Scale mail        |    13 |       ||    13
         Chain mail        |    26 |    37 ||    63
         Plate armour      |       |    19 ||    19
  Dodge: Dodged            |    39 |    27 ||    66
  Block: Buckler           |     9 |    13 ||    22

Table legend:
 A = Non-vault XP
 B = Vault XP
 C = Vault XP percentage of total XP
 D = Non-vault monster count
 E = Vault monster count
 F = Vault count percentage of total count
                 A         B        C        D         E       F
            +---------+---------+-------+---------+---------+-------
      Total |     292 |       0 |   0.0 |      61 |       0 |   0.0
            +---------+---------+-------+---------+---------+-------
        D:1 |      25 |       0 |   0.0 |      13 |       0 |   0.0
        D:2 |      89 |       0 |   0.0 |      20 |       0 |   0.0
        D:3 |      47 |       0 |   0.0 |      19 |       0 |   0.0
        D:4 |     131 |       0 |   0.0 |       9 |       0 |   0.0
            +---------+---------+-------+---------+---------+-------
